 Dungeon Crawl Stone Soup version 0.17-a0-1056-g838d5c0 (console) character file.

77371 Fusha the Spry (level 15, -19/85 HPs)
             Began as a Spriggan Berserker on May 9, 2015.
             Was the Champion of Trog.
             Killed from afar by Josephine (37 damage)
             ... with a ghostly fireball
             ... on level 14 of the Dungeon on May 16, 2015.
             The game lasted 02:36:40 (32561 turns).

Fusha the Spry (Spriggan Berserker)                Turns: 32561, Time: 02:36:40

Health: -19/85     AC:  9    Str: 13    XL:     15   Next: 15%
Magic:  7/7        EV: 39    Int: 10    God:    Trog [******]
Gold:   1292       SH: 12    Dex: 21    Spells: 0 memorised, 14 levels left

rFire  + . .     SeeInvis +     P - +5 short sword (antimagic) {god gift}
rCold  + + +     Clarity  .     X - +2 robe {MR+}
rNeg   . . .     SustAb   .     s - +3 buckler {rC+ rF+}
rPois  +         Gourm    .     F - +2 hat {rC+}
rElec  .         Spirit   .     R - +2 cloak {MR+}
rCorr  .         Warding  .     (gloves unavailable)
rMut   .         Stasis   .     (boots unavailable)
MR     ++++.                    E - amulet of regeneration
Stlth  ++++++++..               M - ring of protection from cold
                                n - +2 ring of evasion

@: slowed, studying Dodging, quick, incredibly resistant to hostile
enchantments, extraordinarily stealthy
A: unfitting armour, see invisible, herbivore 3, speed 3, poison resistance,
robust 1, slow metabolism 2
a: Burn Spellbooks, Berserk, Trog's Hand, Brothers in Arms, Renounce Religion


You were on level 14 of the Dungeon.
You worshipped Trog.
Trog was exalted by your worship.
You were not hungry.

You visited 3 branches of the dungeon, and saw 26 of its levels.
You also visited: Ice Cave.

You collected 2896 gold pieces.
You spent 1604 gold pieces at shops.

Inventory:

Hand weapons
 e - a +2 hunting sling of freezing
 y - a +3 quick blade {god gift}
 P - a +5 antimagic short sword (weapon) {god gift}
Armour
 s - a +3 buckler of resistance (worn)
 F - a +2 hat of cold resistance (worn)
 R - a +2 cloak of magic resistance (worn)
 X - a +2 robe of magic resistance (worn)
Rods
 o - a +0 rod of the swarm (14/14)
   (You found it on level 8 of the Lair of Beasts)
 r - a +4 rod of shadows (9/9)
   (You found it on level 8 of the Lair of Beasts)
Jewellery
 n - a +2 ring of evasion (left hand)
 E - an amulet of regeneration (around neck)
 M - a ring of protection from cold (right hand)
Magical devices
 a - a wand of slowing (28)
 d - a wand of random effects (33)
 f - a wand of disintegration (0)
 p - a wand of lightning (10)
 A - a wand of draining (4)
 I - a wand of digging (10)
 K - a wand of fire (0)
 U - a wand of random effects (30)
 W - a wand of polymorph (15)
 Y - a wand of digging (12)
Scrolls
 h - 12 scrolls of remove curse
 i - 3 scrolls of enchant armour
 t - 2 scrolls of magic mapping
 w - 6 scrolls of teleportation
 x - 2 scrolls of fear
 L - 4 scrolls of recharging
 S - 2 scrolls of fog
 T - 2 scrolls of vulnerability
Potions
 g - 6 potions of might
 j - 11 potions of curing
 l - 2 potions of agility
 m - a potion of berserk rage
 q - 3 potions of flight
 u - a potion of cancellation
 D - 2 potions of haste
Books
 b - a book of Callings

   Spells                             Type                      Level
   a - Summon Small Mammal            Summoning                    1
   b - Call Imp                       Summoning                    2
   c - Call Canine Familiar           Summoning                    3
   d - Summon Guardian Golem          Hexes/Summoning              3
   e - Summon Lightning Spire         Summoning/Air                4
   f - Summon Ice Beast               Ice/Summoning                4
   Trog disapproves of the use of such an item.
 k - a book of Clouds

   Spells                             Type                      Level
   a - Mephitic Cloud                 Conjuration/Poison/Air       3
   b - Conjure Flame                  Conjuration/Fire             3
   c - Poisonous Cloud                Conjuration/Poison/Air       6
   d - Freezing Cloud                 Conjuration/Ice/Air          6
   e - Ring of Flames                 Charms/Fire                  7
   Trog disapproves of the use of such an item.
 O - a manual of Dodging
Miscellaneous
 v - 2 phantom mirrors
 z - a plain deck of summoning {Repulsiveness}
 B - a lamp of fire
 Z - a phial of floods
Comestibles
 c - 8 bread rations
 G - 14 royal jellies


   Skills:
 + Level 8.9 Fighting
 + Level 13.2 Short Blades
 - Level 7.2 Slings
 * Level 19.8 Dodging
 * Level 17.8 Stealth
 - Level 7.0 Shields
 + Level 7.9 Evocations


You had 14 spell levels left.
You didn't know any spells.

Dungeon Overview and Level Annotations

Branches:
Dungeon (14/15)            Temple (0/1) D:5            Lair (8/8) D:11
 Shoals (0/4) Lair:4       Spider (0/4) Lair:6        Slime (0/6) Lair:6
    Orc (4/4) D:12            Elf (0/3) Orc:3        Vaults (0/5) D:13

Altars:
Ashenzari
Cheibriados
Dithmenos
Gozag
Makhleb
Okawaru
Sif Muna
Trog
Zin
The Shining One
Beogh
Jiyva

Shops:
Orc:2 !   Orc:4 :}(*

Annotations:
D:14 Josephine


Innate Abilities, Weirdness & Mutations

You are tiny and cannot use many weapons and most armour.
You have supernaturally acute eyesight.
You are a herbivore.
You cover ground extremely quickly.
You need consume almost no food.
Your system is resistant to poisons.
You are robust (+10% HP).


Message History

You hit Josephine.
Josephine is severely wounded.
You hit Josephine.
Josephine is severely wounded.
You barely miss Josephine.
Josephine is severely wounded.
Josephine casts a spell at you.
The ghostly flame explodes!
The ghostly fireball engulfs you!
* * * LOW HITPOINT WARNING * * *
The ghostly fireball engulfs Josephine.
Josephine partially resists.
You are too injured to fight recklessly!
You are too injured to fight recklessly!
Wield which item (- for none, * to show all)? (? for menu, Esc to quit)
You feel magic leave you.
P - a +5 antimagic short sword (weapon)
{god gift} You puncture Josephine!
Josephine's magic leaks into the air.
Josephine is almost dead.
Josephine points at you and mumbles some strange words.
The ghostly flame explodes!
The ghostly fireball engulfs you!
You die...

#.....≈≈.≈.≈≈
#.....≈≈.....
#.....≈≈.≈.≈≈
#.....#≈.≈...
#.....##......
#WW...........
#W########....
#@# #...##....
#@# +.........
#.# #.........
#.# #.........
#.#+#..........
#........)...#..
#..............+
#........(...#.#.
#...............
#.)....#####.#.#


You could see Josephine and 3 wraiths.

Vanquished Creatures
  A frost giant (IceCv)
  A fire dragon (D:13)
  A vault guard (D:13)
  4 hydras
  A tengu warrior (D:13)
  2 centaur warriors
  A catoblepas (Lair:8)
  A death yak (Lair:5)
  Urug (Lair:4)
  3 orc high priests (Orc:4)
  Sonja (D:10)
  4 unseen horrors
  6 orc knights
  An ice statue (IceCv)
  3 hill giants
  2 ugly things (D:13)
  A manticore (D:14)
  3 orc sorcerers
  A griffon (D:13)
  A siren (Lair:4)
  A centaur zombie (D:14)
  Maurice (D:10)
  An elephant (Lair:8)
  5 black mambas
  Joseph (D:7)
  A rust devil (Orc:4)
  A gargoyle (D:13)
  A sixfirhy (Orc:4)
  6 spiny frogs
  4 komodo dragons
  A tengu conjurer (D:13)
  A merfolk (Lair:4)
  A troll (D:11)
  A boulder beetle (Lair:7)
  2 ravens (D:13)
  14 polar bears
  2 raiju (Lair:8)
  17 blink frogs
  4 slime creatures (D:13)
  A fire elemental (Lair:4)
  A water elemental (D:14)
  2 deep elf magi (D:13)
  A shadow (D:12)
  2 spriggans (Lair:2)
  41 yaks
  A vampire (D:13)
  6 wyverns
  Grum (D:8)
  2 steam dragons
  2 hungry ghosts
  3 basilisks
  A wraith (D:14)
  36 wolves
  A soldier ant (D:9)
  2 mottled dragons (D:13)
  6 wargs (Lair:8)
  8 hippogriffs
  4 vampire mosquitoes (D:13)
  9 porcupines
  13 water moccasins
  2 hell hounds (Lair:8)
  31 orc warriors
  2 phantoms
  5 sky beasts
  7 ogres
  3 spiders (Lair:6)
  9 ice beasts
  13 black bears
  A necrophage (D:7)
  A wasp (D:9)
  16 crocodiles
  7 centaurs
  A big kobold (D:13)
  2 brain worms
  11 giant frogs
  A scorpion (D:6)
  3 killer bees (D:10)
  11 wights
  2 giant frog zombies
  3 electric eels
  4 giant frog skeletons
  4 jellies
  7 crimson imps
  20 hounds
  4 centaur skeletons
  27 orc priests
  5 iguanas
  29 orc wizards
  14 worker ants
  A sheep (Lair:8)
  A hound skeleton (D:4)
  3 worker ant zombies
  55 river rats
  17 adders
  3 gnolls (D:3)
  A white imp (D:5)
  2 shadow imps
  2 ufetubi (Orc:4)
  An ooze (D:6)
  3 worms
  6 giant geckos
  158 orcs
  A ball python (D:4)
  15 bats
  4 bat skeletons
  24 hobgoblins
  14 jackals
  28 kobolds
  4 quokkas
  7 giant cockroaches
  A giant cockroach zombie (D:5)
  A giant gecko skeleton (D:8)
  6 giant newts
  22 goblins
  4 goblin skeletons (D:5)
  3 hobgoblin zombies (D:5)
  A kobold zombie (D:5)
  An orc skeleton (D:5)
  3 orc zombies (D:5)
  10 rats
  A fungus (Lair:8)
  4 plants
899 creatures vanquished.

Vanquished Creatures (collateral kills)
  A hydra (Lair:4)
  A giant frog (Lair:4)
2 creatures vanquished.

Vanquished Creatures (others)
  An orc high priest (Orc:3)
  A death yak (Lair:8)
  A hill giant (D:12)
  2 orc knights (Orc:4)
  An ugly thing (D:12)
  A griffon (Lair:8)
  A manticore (Lair:8)
  2 elephants (Lair:8)
  A siren (Lair:4)
  A cyclops (D:11)
  A rust devil (Orc:4)
  2 spiny frogs
  2 komodo dragons
  6 polar bears
  A merfolk (Lair:4)
  A raiju (Lair:8)
  A troll (Orc:2)
  8 yaks
  A neqoxec (Orc:4)
  A warg (Lair:8)
  3 wolves (Lair:8)
  A water moccasin (Lair:8)
  A porcupine (Lair:1)
  An ice beast (Orc:1)
  A black bear (Lair:8)
  A spider (Lair:6)
  An ogre (Orc:1)
  6 orc warriors
  A centaur (D:12)
  A crocodile (Lair:1)
  A giant frog (Lair:1)
  A killer bee (D:10)
  4 orc priests
  2 orc wizards (Orc:1)
  3 hounds (Lair:8)
  3 iguanas
  A sheep (Lair:8)
  5 river rats
  11 orcs
  A giant newt (D:2)
  7 fungi
  7 plants
99 creatures vanquished.

Grand Total: 1000 creatures vanquished

Notes
Turn   | Place    | Note
--------------------------------------------------------------
     0 | D:1      | Fusha, the Spriggan Berserker, began the quest for the Orb.
     0 | D:1      | Reached XP level 1. HP: 11/11 MP: 2/2
   265 | D:1      | Reached XP level 2. HP: 7/16 MP: 3/3
   460 | D:1      | Reached skill level 1 in Stealth
  1044 | D:2      | Reached XP level 3. HP: 14/19 MP: 4/4
  1050 | D:2      | Reached skill level 5 in Dodging
  1057 | D:2      | Acquired Trog's second power
  1733 | D:2      | Reached XP level 4. HP: 18/23 MP: 5/5
  2300 | D:3      | Found a burning altar of Makhleb.
  2307 | D:3      | Found a deep blue altar of Sif Muna.
  2527 | D:3      | Reached skill level 6 in Dodging
  2592 | D:3      | Reached XP level 5. HP: 12/28 MP: 6/6
  3265 | D:2      | Found a snail-covered altar of Cheibriados.
  3365 | D:4      | Reached skill level 5 in Short Blades
  3457 | D:4      | Acquired Trog's third power
  3457 | D:4      | Reached XP level 6. HP: 11/32 MP: 7/7
  3798 | D:4      | Noticed an ice beast
  3815 | D:4      | HP: 1/32 [ice beast (11)]
  3846 | D:4      | Killed an ice beast
  4107 | D:4      | Reached skill level 7 in Dodging
  4430 | D:4      | Found a glowing silver altar of Zin.
  4855 | D:4      | Reached XP level 7. HP: 33/36 MP: 8/8
  4862 | D:4      | Found a shadowy altar of Dithmenos.
  4862 | D:4      | Found an iron altar of Okawaru.
  5266 | D:4      | Reached skill level 1 in Slings
  6058 | D:5      | Entered Level 5 of the Dungeon
  6059 | D:5      | Found a staircase to the Ecumenical Temple.
  6258 | D:5      | Found a glowing golden altar of the Shining One.
  6430 | D:5      | Reached skill level 8 in Dodging
  6430 | D:5      | Reached skill level 5 in Stealth
  6587 | D:5      | Found a shattered altar of Ashenzari.
  7396 | D:6      | Reached XP level 8. HP: 42/42 MP: 9/9
  7619 | D:6      | Reached skill level 9 in Dodging
  8429 | D:7      | Upgraded the game from 0.17-a0-968-gf8e1f1d to 0.17-a0-1046-ga09e34d
  8559 | D:7      | Noticed Joseph
  8576 | D:7      | Killed Joseph
  8815 | D:7      | Reached skill level 10 in Dodging
  8888 | D:6      | Reached XP level 9. HP: 46/46 MP: 10/10
  8986 | D:7      | Received a gift from Trog
  9408 | D:8      | Noticed an unseen horror
  9417 | D:8      | Killed an unseen horror
  9417 | D:8      | Reached skill level 11 in Dodging
  9592 | D:8      | Reached skill level 5 in Slings
  9682 | D:8      | Noticed Grum
  9687 | D:8      | Reached skill level 5 in Fighting
  9700 | D:8      | Killed Grum
 10391 | D:8      | Reached XP level 10. HP: 29/51 MP: 11/11
 10725 | D:9      | Reached skill level 12 in Dodging
 11362 | D:8      | Reached skill level 10 in Short Blades
 11783 | D:9      | Reached skill level 13 in Dodging
 12165 | D:10     | Entered Level 10 of the Dungeon
 12259 | D:10     | Noticed a brown ugly thing
 12377 | D:10     | Noticed Maurice
 12383 | D:10     | Killed Maurice
 12383 | D:10     | Reached skill level 10 in Stealth
 12383 | D:10     | Reached XP level 11. HP: 56/56 MP: 12/12
 12401 | D:10     | Noticed Sonja
 12625 | D:10     | Killed Sonja
 13055 | D:11     | Identified a scroll of acquirement
 13184 | D:11     | Noticed a hill giant
 13187 | D:11     | Killed a hill giant
 13213 | D:11     | Received a gift from Trog
 13605 | D:11     | Reached skill level 1 in Shields
 13659 | D:11     | Found a staircase to the Lair.
 13999 | Lair:1   | Entered Level 1 of the Lair of Beasts
 14386 | Lair:1   | Reached skill level 14 in Dodging
 14898 | Lair:2   | Found an opulent altar of Gozag.
 14902 | Lair:2   | Received a gift from Trog
 15580 | Lair:2   | Reached XP level 12. HP: 62/62 MP: 13/13
 16035 | Lair:3   | Noticed a four-headed hydra
 16148 | Lair:3   | Killed a four-headed hydra
 16148 | Lair:3   | Reached skill level 15 in Dodging
 16424 | Lair:3   | Received a gift from Trog
 16977 | Lair:4   | Noticed an eight-headed hydra
 16985 | Lair:4   | Noticed an eight-headed hydra
 16992 | Lair:4   | Killed an eight-headed hydra
 16992 | Lair:4   | Reached skill level 1 in Evocations
 17019 | Lair:4   | Killed an eight-headed hydra
 17134 | Lair:4   | Noticed Urug
 17188 | Lair:4   | Killed Urug
 17259 | Lair:4   | Found a staircase to the Shoals.
 17710 | Lair:5   | Reached skill level 5 in Shields
 17739 | Lair:5   | Received a gift from Trog
 17955 | Lair:5   | Received a gift from Trog
 18398 | Lair:5   | Reached skill level 16 in Dodging
 18553 | Lair:6   | Found a staircase to the Slime Pits.
 18553 | Lair:6   | Found a viscous altar of Jiyva.
 18783 | Lair:6   | Received a gift from Trog
 18800 | Lair:6   | Found a hole to the Spider Nest.
 18819 | Lair:6   | Reached XP level 13. HP: 67/67 MP: 16/16
 19088 | Lair:6   | Noticed a five-headed hydra
 19094 | Lair:6   | Killed a five-headed hydra
 19948 | Lair:7   | Received a gift from Trog
 20407 | Lair:8   | Entered Level 8 of the Lair of Beasts
 21352 | Lair:8   | Received a gift from Trog
 21537 | Lair:8   | Reached skill level 15 in Stealth
 22244 | Lair:8   | Reached skill level 5 in Evocations
 22511 | Lair:8   | Reached skill level 17 in Dodging
 22834 | Lair:8   | Upgraded the game from 0.17-a0-1046-ga09e34d to 0.17-a0-1056-g838d5c0
 23221 | D:12     | Noticed a hill giant
 23223 | D:12     | Found a staircase to the Orcish Mines.
 23430 | D:12     | Noticed a hill giant
 23435 | D:12     | Killed a hill giant
 23491 | D:12     | Noticed an unseen horror
 23504 | D:12     | Killed an unseen horror
 23529 | D:12     | Reached XP level 14. HP: 53/73 MP: 19/19
 23531 | D:12     | Banished a hill giant
 24061 | Orc:1    | Entered Level 1 of the Orcish Mines
 24146 | Orc:1    | Found a frozen archway.
 24167 | Orc:1    | Received a gift from Trog
 24176 | IceCv    | Entered an ice cave
 24601 | IceCv    | Noticed a frost giant
 24645 | IceCv    | Received a gift from Trog
 24736 | IceCv    | Killed a frost giant
 25213 | Orc:1    | Received a gift from Trog
 25579 | Orc:2    | Found a bloodstained altar of Trog.
 25620 | Orc:2    | Found Ubacynad's Distillery.
 25996 | Orc:2    | Reached skill level 18 in Dodging
 26313 | Orc:3    | Found a roughly hewn altar of Beogh.
 26595 | Orc:3    | Received a gift from Trog
 26720 | Orc:3    | Found a staircase to the Elven Halls.
 26770 | Orc:3    | Received a gift from Trog
 26983 | Orc:4    | Entered Level 4 of the Orcish Mines
 27954 | Orc:4    | Gained mutation: Your system is resistant to poisons. [a neqoxec]
 28360 | Orc:4    | Received a gift from Trog
 29328 | Orc:4    | Found Kaitwari's Gadget Shop.
 29331 | Orc:4    | Found Tifa's Weapon Boutique.
 29332 | Orc:4    | Found Ahasa's Book Shop.
 29333 | Orc:4    | Found Geumibuu's General Store.
 29336 | Orc:4    | Bought a manual of Dodging for 1214 gold pieces
 29341 | Orc:4    | Bought a phantom mirror for 390 gold pieces
 29695 | D:12     | Identified a +0 rod of the swarm (14/14) (You found it on level 8 of the Lair of Beasts)
 29696 | D:12     | Identified a +4 rod of shadows (9/9) (You found it on level 8 of the Lair of Beasts)
 29812 | D:13     | Killed a brown ugly thing
 30008 | D:13     | Gained mutation: You are robust (+10% HP). [potion of beneficial mutation]
 30432 | D:13     | Reached skill level 19 in Dodging
 31001 | D:13     | Found a gate to the Vaults.
 31082 | D:13     | HP: 4/81 [vault guard/war axe (12)]
 31345 | D:13     | Reached XP level 15. HP: 85/85 MP: 21/21
 31376 | D:13     | Received a gift from Trog
 32450 | D:14     | Noticed Josephine
 32561 | D:14     | Killed from afar by Josephine

Vault maps used:
D:1:      minmay_arrival_jagged
D:2:      nicolae_overflow_hidden_temple, minmay_misc_feat_square,
          lemuel_old_faithful
D:3:      minitemple
D:4:      lemuel_coloured_pillars_altar, gammafunk_temple_overflow_wave,
          serial_glass, glass_columns_c, glass_columns_a, glass_columns_a,
          glass_columns_b, glass_columns_b, glass_columns_a
D:5:      ashenzari_altar_1, minmay_temple_entry_junction, first_bread,
          nicolae_tso_besieged_by_evil
D:6:      nrook_mini_vaults
D:7:      uniq_joseph
D:8:      minmay_misc_feat_nine_boxes, uniq_grum
D:9:      hangedman_pestilent_swarm
D:10:     minivault_5, uniq_sonja, uniq_maurice
D:11:     lair_0_dummy, hangedman_decor_peaks_small
D:12:     david_orc_3, kennysheep_generic_room_16
D:13:     grunt_vaults_entry_fortified
D:14:     fedhas_altar_3, trog_wizard, uniq_louise, uniq_josephine
Lair:1:   serial_bayou_lake_a
Lair:2:   wad_woods_stonehenge, nicolae_quartered_pool_super,
          infiniplex_staircase_pool_2
Lair:3:   beast_lair_carwin_large_3, nicolae_quartered_pool_medium
Lair:4:   elwin_shoals_entry_stream, lemuel_fruit_fields, uniq_urug
Lair:5:   wad_woods_road_03, minmay_hedge_maze
Lair:6:   nicolae_spider_entry_tight_spaces, slime_altar_1, st_stairs_10,
          grunt_forest_large_clearings
Lair:7:   bh_autumn_forest_stairs
Lair:8:   hangedman_lair_caniforms_friends, hangedman_lair_in_review
Orc:1:    portal_ice_cave_entry_ice_beasts
Orc:2:    basic_altar, serial_shops, shop_statue
Orc:3:    basic_altar, nicolae_orc_pool_cavern
Orc:4:    st_orc_pillars
IceCv:    ice_cave_small_giant

Action                   |  1- 3 |  4- 6 |  7- 9 | 10-12 | 13-15 || total
-------------------------+-------+-------+-------+-------+-------++-------
Melee: Mace              |    81 |       |       |       |       ||    81
       Short sword       |    33 |   446 |   543 |   997 |  2224 ||  4243
       Falchion          |       |       |   169 |   338 |       ||   507
       Rapier            |       |       |       |    11 |       ||    11
       Quick blade       |       |       |       |       |  1198 ||  1198
 Fire: Hunting sling     |     3 |    26 |    71 |       |       ||   100
       Blowgun           |       |       |     2 |       |       ||     2
Invok: Burn Spellbooks   |       |       |       |     1 |     1 ||     2
       Brothers in Arms  |       |       |       |     1 |       ||     1
Evoke: Wand              |       |       |       |    32 |    36 ||    68
       Lamp of fire      |       |       |       |     1 |       ||     1
  Use: Scroll            |       |     4 |    16 |    15 |    10 ||    45
       Potion            |       |       |     1 |     1 |     7 ||     9
 Stab: Sleeping          |     9 |     1 |    16 |    42 |    46 ||   114
       Distracted        |       |     1 |     2 |     5 |    12 ||    20
       Confused          |       |       |       |     2 |     1 ||     3
       Petrified         |       |       |       |       |     6 ||     6
       Fleeing           |       |       |       |       |     5 ||     5
  Eat: Bread ration      |       |     1 |       |       |       ||     1
       Royal jelly       |       |       |     2 |     4 |     4 ||    10
       Fruit             |       |       |       |    10 |    13 ||    23
       Pizza             |       |       |       |       |     2 ||     2
